Map: Port Aleksander EC

Players

Tommynator - Winner!

  • Race: Zerg Zerg
  • League: Master
  • Spawn Location: 5:00

Sorandom

  • Race: Zerg Zerg
  • League: Diamond
  • Spawn Location: 11:00

VOD

Have the link to the VOD?

Description

Time

  • Played on: April 5, 2019, 1:14 p.m.
  • Length: 8:51
Show
View Real Time Build Order
Export as new Build Order

Tommynator Zerg - Winner!

Build Orders: Hatch First 

Get SALT Encoding   

  12  0:00  Drone  
  13  0:12  Overlord  
  13  0:18  Drone  
  14  0:31  Drone  
  14  0:32  Drone  
  14  0:35  Drone  
  17  0:46  Drone  
  18  0:56  Hatchery  
  17  1:00  Drone  
  17  1:03  Extractor  
  17  1:17  Spawning Pool  
  16  1:18  Drone  
  16  1:22  Drone  
  18  1:28  Drone  
  19  1:39  Overlord  
  19  1:53  Drone  
  20  2:01  Drone  
  20  2:08  Queen x2  
  25  2:09  Drone  
  26  2:17  Drone  
  26  2:22  Drone x2  
  29  2:31  Overlord  
  29  2:38  Overlord  
  29  2:43  Queen  
  31  2:44  Lair  
  31  2:48  Drone x2  
  33  2:58  Drone x2  
  35  3:05  Evolution Chamber  
  35  3:07  Evolution Chamber  
  35  3:10  Roach Warren  
  32  3:23  Drone x4  
  32  3:24  Drone x2  
  32  3:25  Drone  
  39  3:28  Drone  
  39  3:30  Drone  
  39  3:32  Drone  
  42  3:36  Extractor  
  42  3:37  Extractor  
  42  3:39  Zerg Missile Weapons Level 1  
  40  3:57  Overlord x3  
  40  4:03  Drone x6  
  40  4:04  Drone  
  40  4:08  Glial Reconstitution  
  47  4:15  Overseer  
  47  4:19  Drone  
  48  4:35  Roach x7  
  48  4:36  Roach  
  64  4:51  Overlord x3  
  64  5:17  Roach x7  
  64  5:18  Roach  
  80  5:33  Hatchery  
  79  5:47  Roach x3  
  79  5:48  Roach x7  
  99  5:53  Extractor  
  99  5:54  Hydralisk Den  
  97  6:04  Overlord x2  
  97  6:05  Overlord  
  97  6:14  Roach  
  97  6:36  Grooved Spines  
  97  6:37  Zergling x2  
  97  6:38  Zergling x12  
  104  6:41  Overlord x2  
  104  6:42  Overlord x2  
  104  7:04  Roach x6  
  111  7:17  Roach x2  
  111  7:18  Roach x6  
  125  7:37  Roach  
  125  7:38  Roach x6  
  123  7:51  Roach x5  
  117  8:06  Roach  
  117  8:07  Roach x5  
  129  8:23  Drone x6  
  135  8:30  Overlord  
  135  8:32  Overlord  
Show
View Real Time Build Order
Export as new Build Order

Sorandom Zerg 

Build Orders: Pool First 

Get SALT Encoding   

  12  0:01  Drone  
  13  0:12  Overlord  
  13  0:18  Drone  
  14  0:31  Drone x2  
  14  0:34  Drone  
  17  0:47  Spawning Pool  
  17  0:49  Drone  
  17  1:11  Hatchery  
  17  1:14  Drone  
  17  1:18  Drone  
  18  1:20  Drone  
  18  1:24  Extractor  
  18  1:28  Drone  
  19  1:37  Queen  
  21  1:42  Overlord  
  21  1:54  Roach Warren  
  21  1:55  Zergling x2  
  21  2:01  Drone  
  22  2:12  Queen  
  24  2:25  Drone x3  
  27  2:32  Queen  
  27  2:36  Roach  
  31  2:43  Drone  
  31  2:44  Drone  
  33  2:52  Overlord, Drone  
  34  3:01  Drone x2  
  36  3:06  Lair  
  36  3:12  Roach  
  38  3:16  Drone x2  
  40  3:21  Roach  
  40  3:23  Roach  
  44  3:31  Evolution Chamber  
  44  3:33  Evolution Chamber  
  42  3:34  Overlord  
  42  3:36  Drone  
  43  3:52  Overlord  
  43  3:56  Roach x4  
  43  4:01  Extractor  
  50  4:03  Extractor, Drone x2  
  51  4:12  Drone x3  
  54  4:17  Zerg Missile Weapons Level 1  
  54  4:25  Overlord  
  54  4:27  Drone  
  54  4:28  Drone x4  
  59  4:37  Overseer  
  59  4:43  Roach x2  
  63  4:53  Drone x2  
  63  4:57  Roach  
  63  4:58  Overlord x2  
  67  5:09  Overlord x3  
  67  5:18  Roach x4  
  75  5:33  Roach x5  
  85  5:36  Roach x2  
  85  5:40  Roach  
  85  5:41  Overlord  
  91  5:43  Drone  
  91  5:49  Overseer  
  92  5:56  Roach x3  
  98  6:03  Roach  
  100  6:07  Roach x3  
  105  6:27  Roach  
  105  6:28  Overlord  
  105  6:29  Overlord x3  
  107  6:40  Hydralisk Den, Drone x2  
  107  6:45  Overlord, Hatchery  
  107  6:49  Drone x2  
  107  6:50  Drone  
  110  7:16  Hydralisk x6  
  122  7:25  Grooved Spines  
  122  7:26  Roach  
  122  7:27  Roach x2  
  126  7:39  Roach  
  126  7:40  Roach x2  
  112  7:48  Roach  
  94  7:54  Roach  
  84  8:02  Roach x3  
  86  8:09  Roach x2  
  84  8:14  Roach  
  84  8:18  Extractor  
  85  8:20  Hydralisk  
  85  8:24  Roach  
  85  8:25  Roach  
Tags
 
Add a new tag
Caveats
  • Supply blocks, unpowered buildings, or Contaminate may cause inaccurate times.
  • Supply counts are checked every 10 seconds.